[Event "Late-Titled-Tuesday-Blitz-January-16-2024"]
[Site "Chess.com"]
[Date "2024.01.16"]
[Round "3"]
[White "stasOR4ik"]
[Black "vova-79"]
[Result "0-1"]
[WhiteElo "2424"]
[BlackElo "2611"]
[TimeControl "180+1"]
[EndTime "14:23:35 PST"]
[Termination "vova-79 won by resignation"]

1. e4 c6 2. c4 d5 3. cxd5 cxd5 4. exd5 Nf6 5. Nc3 Nxd5 6. Bc4 Nb6 7. Bb3 g6 8. Nf3 Bg7 9. O-O O-O 10. Re1 Nc6 11.
d3 Bg4 12. h3 Bxf3 13. Qxf3 e6 14. Ne4 Nd4 15. Qg3 Nxb3 16. axb3 Nd5 17. Bg5 Qb6 18. h4 h5 19. Ra4 Qxb3 20. Nc5 Qxb2 21. Qf3 b5 22. Ra6 Qc3 23. Nd7 Qxe1+ 24. Kh2 0-1

[Event "Late-Titled-Tuesday-Blitz-January-16-2024"]
[Site "Chess.com"]
[Date "2024.01.16"]
[Round "3"]
[White "ninguno46"]
[Black "Hirna2005"]
[Result "1-0"]
[WhiteElo "2558"]
[BlackElo "2255"]
[TimeControl "180+1"]
[EndTime "14:23:39 PST"]
[Termination "ninguno46 won by checkmate"]

1. d4 g6 2. e4 Bg7 3. c3 d6 4. Nf3 Nf6 5. Qc2 O-O 6. Be2 b6 7. O-O Bb7 8. Nbd2 Nbd7 9. e5 dxe5 10. dxe5 Ng4 11. e6 fxe6 12. Ng5 Nc5 13. Bxg4 Qd5 14. Ngf3 h5 15. c4 Qc6 16. Bh3 g5 17. Qg6 g4 18. Ng5 Rf6 19. Qxh5 gxh3 20. Qh7+ Kf8 21. Qxh3 Rg6 22. f4 Bd4+ 23. Kh1 Nd3 24. Ndf3 Nf2+ 25. Rxf2 Bxf2 26. Qh8+ Rg8 27. Nh7+ Kf7 28. Ne5+ Ke8 29. Qxg8# 1-0

[Event "Late-Titled-Tuesday-Blitz-January-16-2024"]
[Site "Chess.com"]
[Date "2024.01.16"]
[Round "3"]
[White "djano"]
[Black "ural58"]
[Result "1-0"]
[WhiteElo "2641"]
[BlackElo "2467"]
[TimeControl "180+1"]
[EndTime "14:23:40 PST"]
[Termination "djano won by resignation"]

1. e4 d5 2. exd5 Qxd5 3. Nf3 Bg4 4. Be2 Nc6 5. Nc3 Qd7 6. h3 Bf5 7. O-O e5 8. Bb5 f6 9. d4 e4 10. d5 exf3 11. dxc6 bxc6 12. Qxf3 Ne7 13. Rd1 Qe6 14.
Bf4 Kf7 15. Re1 Qc8 16. Bc4+ 1-0

[Event "Late-Titled-Tuesday-Blitz-January-16-2024"]
[Site "Chess.com"]
[Date "2024.01.16"]
[Round "3"]
[White "2346PL"]
[Black "alexrustemov"]
[Result "0-1"]
[WhiteElo "2524"]
[BlackElo "2846"]
[TimeControl "180+1"]
[EndTime "14:23:52 PST"]
[Termination "alexrustemov won by resignation"]

1. d4 d5 2. Nf3 Nf6 3. Bg5 Ne4 4.
Bf4 c5 5. e3 Nc6 6. c3 Qb6 7.
Qb3 c4 8. Qxb6 axb6 9. Nbd2 Nxd2 10. Nxd2 b5 11. a3 b4 12. cxb4 Nxb4 13. Rc1 Nc6 14. Be2 e6 15. O-O b5 16. Nb3 Be7 17. Bg3 O-O 18. e4 Bb7 19. exd5 exd5 20. Nc5 Nxd4 0-1

[Event "Late-Titled-Tuesday-Blitz-January-16-2024"]
[Site "Chess.com"]
[Date "2024.01.16"]
[Round "3"]
[White "Godzillator"]
[Black "miraitrunks"]
[Result "1-0"]
[WhiteElo "2348"]
[BlackElo "2085"]
[TimeControl "180+1"]
[EndTime "14:24:02 PST"]
[Termination "Godzillator won by checkmate"]

1. Nf3 e6 2. b3 d5 3. Bb2 Nf6 4. e3 Bd6 5. Be2 O-O 6. O-O c5 7. c4 b6 8. cxd5 Nxd5 9. d4 Bb7 10. Nbd2 Nc6 11. Nc4 cxd4 12. Nxd6 Qxd6 13. Nxd4 Nxd4 14. Qxd4 e5 15. Qxe5 Qh6 16. Bf3 Rfe8 17. Qg3 Rad8 18. Rfd1 Re6 19. Bxd5 Rg6 20. Bxb7 Rxd1+ 21. Rxd1 Rxg3 22.
Rd8# 1-0

[Event "Late-Titled-Tuesday-Blitz-January-16-2024"]
[Site "Chess.com"]
[Date "2024.01.16"]
[Round "3"]
[White "Arteler"]
[Black "Viktor_Poddubnyi"]
[Result "1-0"]
[WhiteElo "2481"]
[BlackElo "2256"]
[TimeControl "180+1"]
[EndTime "14:24:04 PST"]
[Termination "Arteler won by resignation"]

1. e4 g6 2. d4 Bg7 3. Nc3 d6 4. g3 Nd7 5. Bg2 c5 6. Nge2 cxd4 7. Nxd4 Ngf6 8. O-O O-O 9. h3 a6 10. a4 Qc7 11. Bg5 h6 12. Be3 Ne5 13. g4 Nc4 14. Bc1 e5 15. Nde2 Be6 16. b3 Nb6 17. Be3 Nbd7 18.
Qd2 Nc5 19. Bxh6 Rad8 20. Rad1 Bxh6 21. Qxh6 Rfe8 22. Rd2 Rd7 23. Rfd1 Red8 24. b4 1-0

[Event "Late-Titled-Tuesday-Blitz-January-16-2024"]
[Site "Chess.com"]
[Date "2024.01.16"]
[Round "3"]
[White "th3d4rkness"]
[Black "MusicCityMaster"]
[Result "0-1"]
[WhiteElo "2108"]
[BlackElo "2410"]
[TimeControl "180+1"]
[EndTime "14:24:06 PST"]
[Termination "MusicCityMaster won by resignation"]

1. d4 Nf6 2. c4 c5 3. d5 b5 4. Qc2 e6 5. e4 bxc4 6. Bxc4 exd5 7. exd5 d6 8. Ne2 Be7 9. O-O O-O 10. Nbc3 Nbd7 11.
Bf4 Nb6 12. b3 g6 13. Ng3 Re8 14. Rfe1 Bf8 15. Bg5 Rxe1+ 16. Rxe1 h6 17. Bxf6 Qxf6 18.
Re8 Bf5 19. Nxf5 Rxe8 20. Ne3 Bg7 21. Ne4 Qa1+ 22. Bf1 Bd4 23. Nxd6 Rxe3 0-1

[Event "Late-Titled-Tuesday-Blitz-January-16-2024"]
[Site "Chess.com"]
[Date "2024.01.16"]
[Round "3"]
[White "username0932589"]
[Black "Kiborg95"]
[Result "0-1"]
[WhiteElo "2543"]
[BlackElo "2875"]
[TimeControl "180+1"]
[EndTime "14:24:16 PST"]
[Termination "Kiborg95 won by resignation"]

1. e4 d6 2. d4 Nf6 3. Nc3 e5 4. Nge2 Nbd7 5. h3 h5 6. Bg5 c6 7.
Qd2 Be7 8. O-O-O b5 9. dxe5 dxe5 10. Bxf6 Nxf6 11. Qg5 Qc7 12. f4 Nxe4 13. Qxg7 Bf6 14. Qxh8+ Bxh8 15. Nxe4 exf4 16. Nd6+ Kf8 17. Nxf4 Be5 18.
Nxc8 Bxf4+ 19. Kb1 Rxc8 20. Bd3 Kg7 21. Rhf1 Re8 22.
Rf3 Bg3 23. a3 h4 24. Ka2 Re1 25. Rd2 Qe5 26. Bf5 Bf4 27. Rd7 Qxf5 0-1

[Event "Late-Titled-Tuesday-Blitz-January-16-2024"]
[Site "Chess.com"]
[Date "2024.01.16"]
[Round "3"]
[White "Ajedrecista3000"]
[Black "jamengrand"]
[Result "1-0"]
[WhiteElo "2583"]
[BlackElo "2358"]
[TimeControl "180+1"]
[EndTime "14:24:28 PST"]
[Termination "Ajedrecista3000 won by resignation"]

1. c4 e6 2. Nf3 d5 3. g3 Nf6 4.
Bg2 dxc4 5. Qa4+ Nbd7 6. Qxc4 c5 7. O-O a6 8. Qc2 b5 9. b3 Bb7 10. Bb2 Rc8 11. Nc3 Be7 12. Rad1 O-O 13. Qb1 b4 14. Na4 Qa5 15. d3 Rfd8 16. Nd2 Nb6 17. Bxb7 Nxa4 18. bxa4 Rb8 19. Bg2 Qxa4 20. Bxf6 Bxf6 21. Qb3 Qb5 22. Rc1 a5 23. Ne4 Be7 24. a4 bxa3 25. Qxa3 Qb4 26.
Ra1 c4 27. Qxb4 axb4 28. dxc4 b3 29. Rab1 f5 30. Nc3 Rdc8 31. Nb5 Rxc4 32. Rxb3 Rc2 33. Bf3 Bc5 34. Nd4 Rxb3 35. Nxb3 Bb6 36. Rb1 e5 37. Na1 Bd4 38. Nxc2 1-0

[Event "Late-Titled-Tuesday-Blitz-January-16-2024"]
[Site "Chess.com"]
[Date "2024.01.16"]
[Round "3"]
[White "Zkid"]
[Black "Aguiar94"]
[Result "1-0"]
[WhiteElo "2922"]
[BlackElo "2526"]
[TimeControl "180+1"]
[EndTime "14:24:38 PST"]
[Termination "Zkid won by resignation"]

1. e4 c5 2. Nf3 e6 3. d4 cxd4 4.
Nxd4 Nc6 5. Nc3 Qc7 6. Be3 a6 7. Qd2 Nf6 8. f3 Be7 9. O-O-O O-O 10. g4 b5 11. Kb1 Rd8 12. g5 Nh5 13. Be2 Bb7 14.
f4 Nxd4 15. Bxh5 Nc6 16. Rhf1 Na5 17. Bd4 Nc4 18. Qd3 Rac8 19. f5 g6 20. fxg6 fxg6 21.
Bxg6 hxg6 22. Qh3 e5 23. Rf7 Kxf7 24. Qh7+ Ke8 25. Qxg6+ 1-0

[Event "Late-Titled-Tuesday-Blitz-January-16-2024"]
[Site "Chess.com"]
[Date "2024.01.16"]
[Round "3"]
[White "enestnrvrd"]
[Black "Practical-Play"]
[Result "1-0"]
[WhiteElo "2677"]
[BlackElo "2489"]
[TimeControl "180+1"]
[EndTime "14:24:38 PST"]
[Termination "enestnrvrd won by resignation"]

1. Nf3 Nf6 2. d4 d5 3. Bf4 Bf5 4. e3 e6 5. c4 Bd6 6. Bg3 Ne4 7. Nc3 O-O 8. Bd3 Bb4 9. Qc2 Nc6 10. O-O Nxg3 11.
hxg3 Bxd3 12. Qxd3 dxc4 13. Qxc4 a5 14. Ne4 Qd5 15. Qc2 a4 16. a3 Be7 17. Rac1 Ra6 18.
Nc3 Qc4 19. Nd2 Nxd4 20. Nxc4 Nxc2 21. Rxc2 Rc6 22. Ne5 Rd6 23. Nxa4 c6 24. Nc5 Rd5 25. Ned7 Rd8 26. b4 b6 27. Nxb6 1-0

[Event "Late-Titled-Tuesday-Blitz-January-16-2024"]
[Site "Chess.com"]
[Date "2024.01.16"]
[Round "3"]
[White "Lennis93"]
[Black "babero_gordo"]
[Result "1-0"]
[WhiteElo "2720"]
[BlackElo "1973"]
[TimeControl "180+1"]
[EndTime "14:24:38 PST"]
[Termination "Lennis93 won by checkmate"]

1. Nf3 Nf6 2. b3 g6 3. Bb2 Bg7 4. e3 O-O 5. Be2 d6 6. O-O e5 7. d4 e4 8. Nfd2 Nc6 9. c4 Re8 10. Nc3 d5 11. cxd5 Nxd5 12. Ncxe4 Bf5 13. Ng3 Bd7 14.
a3 Qe7 15. Bf3 Nf6 16. b4 Rad8 17. b5 Na5 18. Qa4 b6 19. Nb3 Nxb3 20. Qxb3 Be6 21. Qa4 Bd5 22. Bxd5 Nxd5 23. Rac1 Nxe3 24. fxe3 Qxe3+ 25. Kh1 Rd5 26. Qc4 Rg5 27. Qxf7+ Kh8 28. Rxc7 Rg8 29. d5 Rxg3 30. Qxg7+ Rxg7 31. Rf8# 1-0

[Event "Late-Titled-Tuesday-Blitz-January-16-2024"]
[Site "Chess.com"]
[Date "2024.01.16"]
[Round "3"]
[White "gmpeter008"]
[Black "chika-lily"]
[Result "0-1"]
[WhiteElo "2516"]
[BlackElo "2760"]
[TimeControl "180+1"]
[EndTime "14:24:41 PST"]
[Termination "chika-lily won by resignation"]

1. e4 c5 2. Nc3 Nc6 3. Bb5 Nd4 4. Nf3 Nxb5 5. Nxb5 a6 6. Nc3 d6 7. a4 Nf6 8. O-O e5 9. d3 Be7 10. Bg5 Be6 11.
Nd2 h6 12. Bxf6 Bxf6 13. Nc4 O-O 14. a5 Rb8 15. Nb6 Bg5 16. Ncd5 f5 17. exf5 Rxf5 18.
Qe2 Qf8 19. Ra4 Qf7 20. Nc3 Rf8 21. Nc4 Be7 22. Ne3 Rf4 23. Rxf4 exf4 24. Ned5 Bg5 25. h4 Bxd5 26. hxg5 f3 27. gxf3 Bxf3 28. Qe3 Qh5 0-1

[Event "Late-Titled-Tuesday-Blitz-January-16-2024"]
[Site "Chess.com"]
[Date "2024.01.16"]
[Round "3"]
[White "AGW2016"]
[Black "Cambek64"]
[Result "1-0"]
[WhiteElo "2617"]
[BlackElo "2441"]
[TimeControl "180+1"]
[EndTime "14:24:43 PST"]
[Termination "AGW2016 won on time"]

1. d4 c5 2. d5 e5 3. c4 d6 4. Nc3 Nf6 5. e4 Be7 6. Nf3 O-O 7. Be2 Ne8 8. O-O Nd7 9. a3 g6 10. b4 Ng7 11. Rb1 b6 12. Bh6 f5 13. Nd2 f4 14.
Bg4 Nf6 15. Bxc8 Rxc8 16. bxc5 bxc5 17. Rb7 Rc7 18. Qb3 Qc8 19. Rb1 Rd8 20. Rxc7 Qxc7 21.
Qb7 Rd7 22. Qxc7 Rxc7 23. Rb8+ Kf7 24. Nb5 Rd7 25. Bxg7 Kxg7 26. Ra8 Bd8 27. Rxa7 Rxa7 28. Nxa7 Ba5 29. Nb3 Bc3 30. f3 Kf7 31. Nc8 Ne8 32.
a4 Nc7 33. Nxd6+ Ke7 34. Nb5 Na6 35. Nxc3 1-0

[Event "Late-Titled-Tuesday-Blitz-January-16-2024"]
[Site "Chess.com"]
[Date "2024.01.16"]
[Round "3"]
[White "ArtemDyachuk"]
[Black "Chempiblinka"]
[Result "1-0"]
[WhiteElo "2652"]
[BlackElo "2294"]
[TimeControl "180+1"]
[EndTime "14:24:45 PST"]
[Termination "ArtemDyachuk won by resignation"]

1. d4 Nf6 2. c4 g6 3. Nc3 Bg7 4. e4 d6 5. f4 O-O 6. Nf3 c5 7.
d5 e6 8. e5 Ne8 9. Bd3 Nd7 10.
Qe2 dxe5 11. fxe5 exd5 12. cxd5 Nc7 13. Bg5 Qe8 14. d6 Ne6 15. Be7 Nf4 16. Qd2 Nxd3+ 17.
Qxd3 Nxe5 18. Nxe5 Bxe5 19. O-O Bd4+ 20. Kh1 Qc6 21. Bxf8 Kxf8 22. Qc4 Be6 23. Qxe6 1-0

[Event "Late-Titled-Tuesday-Blitz-January-16-2024"]
[Site "Chess.com"]
[Date "2024.01.16"]
[Round "3"]
[White "texie1"]
[Black "GoltsevDmitry2000"]
[Result "0-1"]
[WhiteElo "2508"]
[BlackElo "2735"]
[TimeControl "180+1"]
[EndTime "14:24:46 PST"]
[Termination "GoltsevDmitry2000 won by checkmate"]

1. Nf3 d5 2. e3 Nf6 3. c4 c6 4. b3 g6 5. Bb2 Bg7 6. Be2 O-O 7. O-O Nbd7 8. d4 Re8 9. Ne5 Ne4 10.
f3 Nd6 11. f4 Ne4 12. Nd2 Ndf6 13. Bf3 Bf5 14. g4 Be6 15. g5 Nxd2 16. Qxd2 Ne4 17. Bxe4 dxe4 18. Qg2 Bf5 19. Rfd1 Qc8 20. Rd2 f6 21. h4 fxe5 22. dxe5 Qc7 23. h5 gxh5 24. Qg3 Rad8 25. Rh2 Bg4 26. c5 Rd3 27. Bd4 Rd8 28.
Qe1 e6 29. Rc1 Qf7 30. Rh4 R8xd4 31. exd4 Qxf4 32. Rh2 Rxd4 33. Rf2 Qxg5 34. Rg2 Bxe5 35. Qc3 Rd3 36. Qc4 Bd4+ 37. Kf1 Qf4+ 38. Ke1 Re3+ 39. Kd2 Re2+ 40. Kd1 Qf1# 0-1

[Event "Late-Titled-Tuesday-Blitz-January-16-2024"]
[Site "Chess.com"]
[Date "2024.01.16"]
[Round "3"]
[White "JSPrepz"]
[Black "TimGrutter03"]
[Result "1-0"]
[WhiteElo "2880"]
[BlackElo "2543"]
[TimeControl "180+1"]
[EndTime "14:24:51 PST"]
[Termination "JSPrepz won by resignation"]

1. e4 c5 2. Nf3 d6 3. Nc3 Nf6 4.
e5 dxe5 5. Nxe5 Nbd7 6. d4 Nxe5 7. dxe5 Qxd1+ 8. Kxd1 Ng4 9. Bb5+ Bd7 10. e6 fxe6 11.
Ke2 a6 12. Bxd7+ Kxd7 13. Bf4 g6 14. Rad1+ Kc6 15. Kf3 Nf6 16. Rhe1 b5 17. Rxe6+ Kb7 18. a4 b4 19. Ne4 Nxe4 20. Kxe4 Rg8 21. a5 1-0

[Event "Late-Titled-Tuesday-Blitz-January-16-2024"]
[Site "Chess.com"]
[Date "2024.01.16"]
[Round "3"]
[White "Pachonpower"]
[Black "Nf3c5"]
[Result "0-1"]
[WhiteElo "2271"]
[BlackElo "2561"]
[TimeControl "180+1"]
[EndTime "14:24:56 PST"]
[Termination "Nf3c5 won by resignation"]

1. e4 e5 2. Nf3 Nc6 3. Bc4 Nf6 4. O-O Nxe4 5. Re1 d5 6. d4 dxc4 7. Rxe4 Bf5 8. Bg5 f6 9. Qe1 Bxe4 10. Qxe4 fxg5 11.
d5 Ne7 12. Nc3 Ng6 13. Qxc4 Bd6 14. Ne4 O-O 15. Nexg5 Rf4 16. Qe2 Qf6 17. Ne6 Rxf3 18. Qxf3 Qxf3 19. gxf3 Nf4 20. Nxf4 exf4 21. Re1 Kf7 22.
Kg2 Re8 23. Re4 Rxe4 24. fxe4 Kf6 25. Kf3 Ke5 26. h4 g6 27. c3 b5 28. b4 h5 29.
a3 Be7 0-1

[Event "Late-Titled-Tuesday-Blitz-January-16-2024"]
[Site "Chess.com"]
[Date "2024.01.16"]
[Round "3"]
[White "HajiyevKanan"]
[Black "momotaro77"]
[Result "1-0"]
[WhiteElo "2582"]
[BlackElo "2344"]
[TimeControl "180+1"]
[EndTime "14:24:58 PST"]
[Termination "HajiyevKanan won by resignation"]

1. d4 Nf6 2. Nf3 g6 3. g3 Bg7 4. Bg2 O-O 5. O-O d6 6. b3 a5 7.
a3 e5 8. dxe5 Nfd7 9. Bb2 Nc6 10. c4 Ndxe5 11. Nc3 Nxf3+ 12. Bxf3 Bh3 13. Re1 Re8 14.
e3 Qd7 15. Qc2 Ne5 16. Bxb7 c6 17. Bxa8 Nf3+ 18. Kh1 Rxa8 19. Red1 Re8 20. Ne2 Bxb2 21. Qxb2 Qg4 22. Qf6 Ne5 23. Ng1 Qh5 24. Qh4 Qxh4 25. gxh4 1-0

[Event "Late-Titled-Tuesday-Blitz-January-16-2024"]
[Site "Chess.com"]
[Date "2024.01.16"]
[Round "3"]
[White "FrenchHarvey"]
[Black "mortngabriel"]
[Result "1-0"]
[WhiteElo "2796"]
[BlackElo "2522"]
[TimeControl "180+1"]
[EndTime "14:25:04 PST"]
[Termination "FrenchHarvey won by resignation"]

1. e4 c5 2. Nc3 Nc6 3. Bb5 Nd4 4. Nf3 a6 5. Bd3 Nc6 6. O-O g6 7. a4 Bg7 8. Bc4 d6 9. d3 Nf6 10. h3 O-O 11. Bf4 Rb8 12. Qd2 Na5 13.
Bh6 Bd7 14. Bxg7 Kxg7 15. Rfe1 b5 16. axb5 axb5 17. Ba2 b4 18. Nd5 b3 19. Nxf6 exf6 20.
Bxb3 Nxb3 21. cxb3 Rxb3 22. Ra3 Qb6 23. Rxb3 Qxb3 24.
d4 c4 25. e5 fxe5 26. dxe5 Qd3 27. Qf4 dxe5 28. Nxe5 Qd5 29. Nxc4 Bc6 30. Ne3 Qc5 31. b4 Qc3 32. Rd1 Rb8 33. Qxb8 1-0

[Event "Late-Titled-Tuesday-Blitz-January-16-2024"]
[Site "Chess.com"]
[Date "2024.01.16"]
[Round "3"]
[White "sjoerd893"]
[Black "hsd2016"]
[Result "0-1"]
[WhiteElo "2491"]
[BlackElo "2286"]
[TimeControl "180+1"]
[EndTime "14:25:06 PST"]
[Termination "hsd2016 won by resignation"]

1. e4 c6 2. d4 d5 3. e5 e6 4. Nf3 c5 5. c3 Nc6 6. Bd3 Qc7 7. O-O Bd7 8. dxc5 Nxe5 9. b4 Nxd3 10. Qxd3 Nf6 11. Be3 a6 12. a4 Be7 13. c4 dxc4 14. Qxc4 Bc6 15. Bf4 Qc8 16. Ne5 Bd5 17. Qe2 O-O 18.
Nc3 Rd8 19. Rfc1 b6 20. cxb6 Qb7 21. Nxd5 Nxd5 22. Be3 Bf6 23. Bc5 Nf4 24. Qf3 Qxf3 25. Nxf3 Bxa1 26. Rxa1 Nd3 27. a5 Nxc5 28. bxc5 Rac8 29.
Rc1 Rxc5 30. Rb1 Rxa5 31. Kf1 Rb5 32. Rxb5 axb5 33. Ne5 Rb8 34. Nd7 Rb7 35. Ke2 Rxd7 0-1

[Event "Late-Titled-Tuesday-Blitz-January-16-2024"]
[Site "Chess.com"]
[Date "2024.01.16"]
[Round "3"]
[White "enriquetejedor"]
[Black "NikoTheodorou"]
[Result "0-1"]
[WhiteElo "2735"]
[BlackElo "3078"]
[TimeControl "180+1"]
[EndTime "14:25:08 PST"]
[Termination "NikoTheodorou won by checkmate"]

1. c4 b6 2. Nf3 Bb7 3. g3 Nf6 4. Bg2 g6 5. O-O Bg7 6. Nc3 O-O 7. d4 e6 8. b3 d5 9. Ne5 c5 10. dxc5 Ne4 11. Nxe4 dxe4 12. Bb2 bxc5 13. Qc2 f5 14. Rad1 Qc7 15. f4 exf3 16. Bxf3 Bxf3 17. Nxf3 Nc6 18. Bxg7 Qxg7 19. Rd6 Qc7 20. Rxe6 Rae8 21. Rxe8 Rxe8 22. Rd1 Qe7 23. Kf1 Qb7 24. Qd2 Nd4 25. Nxd4 Qh1+ 26. Kf2 Qxh2+ 27. Kf3 cxd4 28. Qxd4 Qxe2+ 29. Kf4 Qg4# 0-1

[Event "Late-Titled-Tuesday-Blitz-January-16-2024"]
[Site "Chess.com"]
[Date "2024.01.16"]
[Round "3"]
[White "j_coca"]
[Black "GAusal"]
[Result "1-0"]
[WhiteElo "2530"]
[BlackElo "2283"]
[TimeControl "180+1"]
[EndTime "14:25:16 PST"]
[Termination "j_coca won by checkmate"]

1. f4 d5 2. Nf3 g6 3. e3 Bg7 4. d4 Nf6 5. c3 Ne4 6. Bd3 Bg4 7. O-O Bxf3 8. gxf3 Nf6 9. Kh1 e6 10. Nd2 Nbd7 11.
Qe2 c5 12. Rg1 cxd4 13. cxd4 O-O 14. Nf1 Qb6 15. Ng3 h5 16. b3 Rac8 17. Ba3 Rfe8 18. f5 exf5 19. Bxf5 Rc3 20. Bd3 h4 21. Nf1 Rcc8 22. Rg2 Nh5 23. Qd2 Qc7 24. Rc1 Qd8 25.
Rxc8 Qxc8 26. Bb2 a6 27. Qf2 Qd8 28. Rg4 Bf6 29. e4 dxe4 30. fxe4 Ng7 31. e5 Be7 32. Bc4 Kh7 33. Bxf7 Rf8 34. Bxg6+ Kh8 35. Qg1 Qa5 36.
Ne3 Qd2 37. Nc4 Qe2 38. Rg2 Qf3 39. Qe3 Qd1+ 40. Rg1 Rf1 41. Qh6+ Kg8 42. Bh7+ Kf8 43. Qxg7+ Ke8 44. Nd6+ Bxd6 45. exd6 h3 46. Qe7# 1-0

[Event "Late-Titled-Tuesday-Blitz-January-16-2024"]
[Site "Chess.com"]
[Date "2024.01.16"]
[Round "3"]
[White "vugarrasulov"]
[Black "chegueps"]
[Result "1-0"]
[WhiteElo "2972"]
[BlackElo "2692"]
[TimeControl "180+1"]
[EndTime "14:25:24 PST"]
[Termination "vugarrasulov won by resignation"]

1. d4 Nf6 2. c4 g6 3. Nc3 Bg7 4. e4 O-O 5. h3 d6 6. Be3 c6 7. Nf3 Nbd7 8. Be2 a5 9. O-O e5 10. d5 Nc5 11. Bxc5 dxc5 12. dxc6 bxc6 13. Qxd8 Rxd8 14. Nxe5 Nxe4 15. Nxc6 Nxc3 16. bxc3 Re8 17. Bf3 Ra6 18. Rfe1 Be6 19. Re3 Kf8 20. Rae1 a4 21. Bd5 a3 22. Bxe6 Rxc6 23. Bd7 Rxe3 24. Rxe3 Re6 25.
Bxe6 fxe6 26. Rxe6 Bxc3 27. Kf1 Kf7 28. Ra6 Bb4 29.
Ke2 1-0

[Event "Late-Titled-Tuesday-Blitz-January-16-2024"]
[Site "Chess.com"]
[Date "2024.01.16"]
[Round "3"]
[White "dmitrijiIM"]
[Black "SCIM"]
[Result "0-1"]
[WhiteElo "2876"]
[BlackElo "2567"]
[TimeControl "180+1"]
[EndTime "14:25:32 PST"]
[Termination "SCIM won by resignation"]

1. d4 d5 2. c4 c6 3. Nf3 Nf6 4. Nc3 e6 5. Bg5 Nbd7 6. e3 Qa5 7. Nd2 Bb4 8. Qc2 dxc4 9. Bxf6 Nxf6 10. Nxc4 Qc7 11.
g3 O-O 12. a3 Be7 13. Bg2 c5 14. O-O Bd7 15. d5 exd5 16. Nxd5 Nxd5 17. Bxd5 Bc6 18. Rfd1 Rad8 19. Qe4 Bxd5 20. Rxd5 Rxd5 21. Qxd5 Rd8 22. Qe4 b5 23. Ne5 Bf6 24. Nc6 Rc8 25. Rd1 Qxc6 26. Qf5 g6 27. Qc2 c4 28. Qe2 Rd8 29.
Rc1 Qd5 0-1

[Event "Late-Titled-Tuesday-Blitz-January-16-2024"]
[Site "Chess.com"]
[Date "2024.01.16"]
[Round "3"]
[White "MyDream003"]
[Black "cristianserban1"]
[Result "1-0"]
[WhiteElo "2857"]
[BlackElo "2526"]
[TimeControl "180+1"]
[EndTime "14:25:36 PST"]
[Termination "MyDream003 won by resignation"]

1. Nf3 d5 2. b3 Nf6 3. Bb2 c5 4. g3 e6 5. Bg2 Be7 6. O-O O-O 7. e3 Nc6 8. d4 cxd4 9. Nxd4 Qc7 10. Nd2 Rd8 11.
Nxc6 bxc6 12. Qe2 a5 13. c4 a4 14. Rfc1 a3 15. Bc3 Ba6 16. Bf1 Qb7 17. Qe1 Nd7 18. Rab1 Bb4 19. Nf3 Rab8 20. Bxb4 Qxb4 21. Qxb4 Rxb4 22.
Nd4 Rb6 23. c5 Bxf1 24. cxb6 Bd3 25. Nxc6 Re8 26. b7 Bxb1 27. Rxb1 Nb8 28. Nxb8 Rxb8 29.
Rc1 1-0

[Event "Late-Titled-Tuesday-Blitz-January-16-2024"]
[Site "Chess.com"]
[Date "2024.01.16"]
[Round "3"]
[White "MajorCoast"]
[Black "VitorBronson"]
[Result "0-1"]
[WhiteElo "2224"]
[BlackElo "2556"]
[TimeControl "180+1"]
[EndTime "14:25:38 PST"]
[Termination "VitorBronson won by resignation"]

1. a3 d5 2. Nf3 Bf5 3. d4 c6 4.
c4 dxc4 5. Nc3 e6 6. e4 Bg6 7. Bxc4 Nf6 8. Bg5 Be7 9. e5 Nd5 10. Bxe7 Qxe7 11. O-O Nd7 12. Bxd5 exd5 13. Re1 O-O 14.
Qb3 Nb6 15. a4 Rad8 16. a5 Nc4 17. Na4 Bh5 18. Nc5 b6 19. axb6 axb6 20. Na4 Qc7 21.
Ng5 h6 22. Ne4 dxe4 23. Qxc4 b5 24. Qc2 bxa4 25. Qxe4 Bg6 26. Qg4 Qb6 27. e6 Rxd4 28. exf7+ Bxf7 29. Qg3 Qxb2 30. Rab1 Qd2 31. h3 Qf4 32.
Qa3 Bd5 33. Re7 Qxf2+ 0-1

[Event "Late-Titled-Tuesday-Blitz-January-16-2024"]
[Site "Chess.com"]
[Date "2024.01.16"]
[Round "3"]
[White "Road2GM3000"]
[Black "IMRosen"]
[Result "0-1"]
[WhiteElo "2483"]
[BlackElo "2670"]
[TimeControl "180+1"]
[EndTime "14:25:39 PST"]
[Termination "IMRosen won by resignation"]

1. d4 d5 2. c4 e6 3. Nc3 Nf6 4. cxd5 exd5 5. Bg5 c6 6. e3 h6 7. Bh4 Bd6 8. Bd3 O-O 9. Qc2 Re8 10. Nf3 Be6 11. Ne5 c5 12. O-O cxd4 13. exd4 Nc6 14. Nxc6 bxc6 15. Bg3 Bxg3 16. hxg3 Ng4 17. Na4 Qg5 18. Be2 Bf5 19. Qd1 Rxe2 20. Qxe2 Qh5 21. Qxg4 Bxg4 22. Rfe1 f6 23. Re7 Re8 24. Rae1 Rxe7 25.
Rxe7 a5 26. Ra7 Qf5 27. Nc5 Qb1+ 28. Kh2 Qe1 29. Nd3 Qd2 30. Nf4 Qxf2 31. Rxa5 Qxd4 32. Ra8+ Kh7 33. a4 g5 34. Ra7+ Qxa7 0-1

[Event "Late-Titled-Tuesday-Blitz-January-16-2024"]
[Site "Chess.com"]
[Date "2024.01.16"]
[Round "3"]
[White "Firouzja2003"]
[Black "MightyGMpretender"]
[Result "1-0"]
[WhiteElo "3169"]
[BlackElo "2820"]
[TimeControl "180+1"]
[EndTime "14:25:45 PST"]
[Termination "Firouzja2003 won by checkmate"]

1. e4 g6 2. d4 Bg7 3. Nc3 a6 4. f4 d5 5. e5 Nh6 6. Be2 Bf8 7. Be3 Nf5 8. Bf2 h5 9. Nf3 e6 10. O-O Nd7 11. Nb1 Nb6 12. Nbd2 Be7 13. b3 Bb4 14. c4 dxc4 15. bxc4 Bc3 16. Rc1 Bxd4 17. Nxd4 Nxd4 18. Ne4 Nxe2+ 19. Qxe2 Nd7 20. Rfd1 Qe7 21. Rxd7 Bxd7 22. Bc5 Qh4 23. g3 Qh3 24. Nf6+ Kd8 25. Qd3 Kc8 26.
Qxd7+ Kb8 27. Bd6 Rc8 28. Bxc7+ Rxc7 29. Qd8+ Ka7 30. Qxc7 h4 31. Qc5+ Kb8 32. Nd7# 1-0

[Event "Late-Titled-Tuesday-Blitz-January-16-2024"]
[Site "Chess.com"]
[Date "2024.01.16"]
[Round "3"]
[White "crazy_but_lazy"]
[Black "Gryffindorac8"]
[Result "1-0"]
[WhiteElo "2588"]
[BlackElo "2379"]
[TimeControl "180+1"]
[EndTime "14:25:46 PST"]
[Termination "crazy_but_lazy won by resignation"]

1. e4 c5 2. Nf3 d6 3. d4 cxd4 4.
Qxd4 Nc6 5. Bb5 Bd7 6. Qd3 Nf6 7.
Nc3 e6 8. Bg5 Be7 9. O-O-O O-O 10. Rhe1 Qa5 11. Kb1 a6 12. Bxc6 Bxc6 13. h4 h6 14. Bd2 Qc7 15. Nd4 b5 16. f3 Rfc8 17.
g4 Nd7 18. g5 Ne5 19. Qe2 b4 20. f4 bxc3 21. Bxc3 Ng6 22. gxh6 Rab8 23. f5 Bb5 24. Qe3 Be8 25. Ka1 Ne5 26. hxg7 Bf6 27. Qh6 Bxg7 28.
Rg1 f6 29. Nxe6 1-0

[Event "Late-Titled-Tuesday-Blitz-January-16-2024"]
[Site "Chess.com"]
[Date "2024.01.16"]
[Round "3"]
[White "ZuraTqebuchava"]
[Black "Roedor"]
[Result "0-1"]
[WhiteElo "2136"]
[BlackElo "2362"]
[TimeControl "180+1"]
[EndTime "14:25:46 PST"]
[Termination "Roedor won on time"]

1. e4 e5 2. Nf3 Nc6 3. Bb5 Nf6 4. O-O Nxe4 5. Re1 Nd6 6. Bxc6 dxc6 7. Nxe5 Be7 8. d4 O-O 9. c3 Bf6 10. Bf4 Bg5 11.
Qf3 Be6 12. Nd2 a5 13. a4 Qf6 14. Bxg5 Qxg5 15. Qe3 Qxe3 16. Rxe3 Rfe8 17. h3 f6 18. Nef3 Bd5 19. Rae1 Rxe3 20. Rxe3 Kf7 21.
b3 b5 22. Ne1 Rb8 23. axb5 cxb5 24. Nd3 a4 25. Nb4 Bxb3 26. Nb1 Nc4 27. Re2 Re8 28. Rxe8 Kxe8 0-1